 Dungeon Crawl Stone Soup version 0.28-a0-1382-g92835e5c71 (webtiles) character file.

Game seed: 16876462095893936416

7331 MirrMurr the Covert (level 10, -4/49 HPs)
             Began as a Spriggan Enchanter on Dec 31, 2021.
             Was a Believer of Dithmenos.
             Slain by a red devil (19 damage)
             ... summoned by a kobold demonologist
             ... in a bailey on Jan 1, 2022.
             The game lasted 00:39:54 (15763 turns).

MirrMurr the Covert (Spriggan Enchanter)           Turns: 15763, Time: 00:39:55

Health: -4/49      AC:  8    Str:  8    XL:     10   Next: 90%
Magic:  1/17       EV: 23    Int: 16    God:    Dithmenos [**....]
Gold:   493        SH:  0    Dex: 17    Spells: 4/17 levels left

rFire   . . .      SeeInvis +   a - +3 dagger
rCold   . . .      Faith    .   (no shield)
rNeg    + . .      Spirit   .   y - +0 acid dragon scales
rPois   .          Reflect  .   (helmet restricted)
rElec   .          Harm     .   t - +1 cloak
rCorr   +          Rampage  .   (gloves unavailable)
Will    +....                   (boots unavailable)
Stlth   ++++++....              (no amulet)
HPRegen 0.16/turn               E - ring of positive energy
MPRegen 0.15/turn               (no ring)

@: spiked, wreathed by umbra, very quick
A: very small, no large weapons, unfitting armour, see invisible, speed 3
a: Renounce Religion, Shadow Step


You were in a bailey.
You worshipped Dithmenos.
Dithmenos was pleased with you.
You visited 2 branches of the dungeon, and saw 11 of its levels.
You also visited: Bailey.

You collected 493 gold pieces.

Inventory:

Hand Weapons
 a - a +3 dagger (weapon)
 p - a +2 long sword of flaming
 J - a +0 rapier
Missiles
 f - 4 datura-tipped darts
 h - 257 stones (quivered)
 u - 3 throwing nets
 x - 29 poisoned darts
 D - 4 boomerangs
 I - a curare-tipped dart
Armour
 j - an orb of energy
 t - a +1 cloak (worn)
 y - +0 acid dragon scales (worn)
Jewellery
 E - a ring of positive energy (left hand)
Wands
 b - a wand of iceblast (12)
 s - a wand of digging (12)
 v - a wand of polymorph (5)
 w - a wand of flame (21)
 B - a wand of acid (4)
 K - a wand of paralysis (3)
Scrolls
 d - 6 scrolls of teleportation
 r - 4 scrolls of fear
 F - a scroll of magic mapping
 G - a scroll of enchant armour
Potions
 c - a potion of invisibility
 e - a potion of haste {unknown}
 g - 2 potions of heal wounds
 i - 2 potions of might
 k - 3 potions of curing {guarded by slimes}
 l - 5 potions of berserk rage
 m - 3 potions of lignification
 o - 2 potions of flight
 q - 3 potions of mutation
 z - a potion of brilliance {unknown}
 A - a potion of attraction {unknown}
 C - a potion of ambrosia {unknown}


   Skills:
 - Level 4.0 Fighting
 + Level 9.1 Short Blades
 - Level 12.0 Dodging
 - Level 12.0 Stealth
 - Level 4.0 Spellcasting
 + Level 9.3 Hexes
 - Level 1.0 Evocations


You had 4 spell levels left.
You knew the following spells:

 Your Spells              Type           Power      Damage    Failure   Level
a - Ensorcelled Hibernat  Hex/Ice        36%        N/A       7%          2
b - Confusing Touch       Hex            33%        N/A       1%          3
c - Tukima's Dance        Hex            33%        N/A       1%          3
d - Dazzling Flash        Conj/Hex       36%        N/A       13%         3
P - Passwall              Tmut/Erth      2%         N/A       41%         2

Your spell library contained the following spells:

 Spells                   Type           Power      Damage    Failure   Level
 Inner Flame              Hex/Fire       18%        N/A       13%         3
 Summon Guardian Golem    Hex/Summ       18%        N/A       13%         3
 Animate Skeleton         Necr           6%         N/A       30%         1
 Foxfire                  Conj/Fire      12%        2x1d4     30%         1
 Freeze                   Ice            12%        1d4       30%         1
 Pain                     Necr           12%        1d4       30%         1
 Sandblast                Erth           6%         2d5       30%         1
 Summon Small Mammal      Summ           12%        N/A       30%         1
 Leda's Liquefaction      Hex/Erth       9%         N/A       41%         4
 Call Canine Familiar     Summ           3%         N/A       65%         3
 Conjure Flame            Conj/Fire      3%         6-21      65%         3
 Frozen Ramparts          Ice            6%         1d2       65%         3
 Stone Arrow              Conj/Erth      6%         3d7       65%         3
 Vampiric Draining        Necr           3%         2d6       65%         3
 Flame Wave               Conj/Fire      3%         2d4       96%         4
 Hailstorm                Conj/Ice       3%         3d3       96%         4
 Fireball                 Conj/Fire      1%         3d3       100%        5
 Iskenderun's Battlesphe  Conj           3%         2d6       100%        5
 Lee's Rapid Deconstruct  Erth           1%         3d5*      100%        5
 Conjure Ball Lightning   Conj/Air       1%         3x3d6     100%        6
 Statue Form              Tmut/Erth      2%         N/A       100%        6
 Orb of Destruction       Conj           1%         N/A       100%        7


Dungeon Overview and Level Annotations

Branches:
Dungeon (10/15)            Temple (1/1) D:7            Lair (0/6) D:8
 Bailey (1/1)
    Orc: D:9-12

Altars:
Dithmenos
Elyvilon
Fedhas
Gozag
Hepliaklqana
Makhleb
Nemelex Xobeh
Qazlal
Ru
Sif Muna
Trog
Uskayaw
Wu Jian
Xom
Zin

Shops:
D:4 ([**   D:5 :   D:7 **   D:8 (

Annotations:
D:3 2 transporters
D:9 1 transporter, rigrig's ghost, novice KoFi


Innate Abilities, Weirdness & Mutations

You are very small and have problems with some larger weapons.
You are too small for most types of armour.
You have supernaturally acute eyesight. (SInv)
You cover ground extremely quickly. (Speed+++)


Message History

Unknown command.
You closely miss the sixfirhy. The sixfirhy completely misses you.
The sixfirhy barely misses you.
You hit the sixfirhy but do no damage. You closely miss the sixfirhy.
You hit the sixfirhy.
The sixfirhy is lightly wounded.
The sixfirhy completely misses you. The sixfirhy completely misses you.
The sixfirhy misses you.
There is a gate leading back out of this place here.
The sixfirhy hits you! The sixfirhy shocks you! The orc knight misses you.
The sixfirhy misses you. The red devil barely misses you.
The sixfirhy hits you but does no damage.
The sixfirhy completely misses you. The sixfirhy misses you.
The sixfirhy hits you. The sixfirhy shocks you!
The orc knight barely misses you.
The kobold demonologist casts a spell.
The sixfirhy disappears in a puff of smoke!
The orc knight is no longer covered in acid.
There is an empty arch of ancient stone here.
Casting: Tukima's Dance (safe; 1% risk of failure)
Confirm with . or Enter, or press ? or * to list all spells.
Your hands begin to glow red.
You barely miss the orc knight.
The orc knight is moderately wounded.
The orc knight misses you.
The kobold demonologist gestures wildly while chanting.
You hit the orc knight but do no damage.
The orc knight appears confused.
The orc knight is moderately wounded.
The red devil hits you from afar with a +2 demon trident of venom!
* * * LOW HITPOINT WARNING * * *
Barbed spikes become lodged in your body.
You are lethally poisoned!
The barbs in your skin will harm you if you move.
Continue?
Okay, then.
You feel better. The orc knight completely misses you.
The crimson imp blinks! x2
The red devil hits you from afar with a +2 demon trident of venom!!
You die...

#≈≈≈≈≈ #≈≈≈≈≈#
#####≈≈≈≈≈#
..#.≈≈≈≈≈≈#
..#.≈≈≈≈≈.######
4'#.≈≈≈≈≈.§....#
.4#.≈≈≈≈≈5..§..###
).'..5..K...5....#
).'........K4∩4o@#
.)'..............#
..#.≈≈≈≈≈......###
''#.≈≈≈≈≈......#
..#.≈≈≈≈≈.######
..#.≈≈≈≈≈≈#
#####≈≈≈≈≈#
#≈≈≈≈≈# #≈≈≈≈≈#


You could see an orc knight (confused), an orange demon (summoned), a kobold
demonologist, a red devil (summoned), an iron imp (summoned) and a crimson imp
(summoned).

Vanquished Creatures
  A two-headed ogre (D:9)
  Psyche (D:8)
  2 unseen horrors
  Prince Ribbit (D:9)
  2 steam dragons
  An acid dragon (D:6)
  3 water moccasins
  9 orc warriors
  A black bear (D:8)
  7 ogres
  A sky beast (D:6)
  A necrophage (D:5)
  2 centaurs
  3 phantoms
  Blork the orc (D:4)
  A kobold brigand (D:8)
  2 bullfrogs (D:6)
  A wyvern zombie (D:8)
  A water moccasin zombie (D:7)
  10 killer bees
  7 wights
  3 jellies
  3 hounds
  2 bullfrog zombies
  An orc priest (D:9)
  A centaur zombie (D:9)
  Crazy Yiuf (D:4)
  6 gnoll shamans
  An iguana (D:5)
  4 orc wizards
  2 killer bee zombies (D:7)
  2 hound skeletons (D:4)
  A howler monkey zombie (D:6)
  3 adders
  32 gnolls
  2 white imps
  An ufetubus (D:3)
  An adder skeleton (D:4)
  A worm (D:2)
  A dart slug (D:3)
  19 orcs
  4 ball pythons
  14 endoplasms
  2 giant cockroaches
  8 goblins
  11 hobgoblins
  8 jackals
  3 quokkas
  4 bats
  16 kobolds
  5 rats
220 creatures vanquished.

Vanquished Creatures (collateral kills)
  Grinder (D:4)
  2 orc warriors
  A gnoll sergeant (D:7)
  A wight (D:6)
  3 gnoll shamans (D:7)
  A hound (D:4)
  An orc wizard (D:9)
  8 gnolls
  4 orcs
  An endoplasm (D:4)
23 creatures vanquished.

Vanquished Creatures (others)
  18 dancing weapons
  A bat (D:3)
  14 fungi
  6 plants (D:7)
  9 toadstools
48 creatures vanquished.

Grand Total: 291 creatures vanquished

Notes
Turn   | Place    | Note
-------+----------+-------------------------------------------
     0 | D:1      | MirrMurr the Spriggan Enchanter began the quest for the
                  | Orb.
     0 | D:1      | Reached XP level 1. HP: 9/9 MP: 5/5
     9 | D:1      | Upgraded the game from 0.28-a0-1365-g7e0445c96d to
                  | 0.28-a0-1382-g92835e5c71
   652 | D:1      | Reached XP level 2. HP: 13/13 MP: 6/6
   655 | D:1      | Learned a level 2 spell: Ensorcelled Hibernation
   705 | D:1      | Reached skill level 5 in Stealth
  1966 | D:2      | Reached XP level 3. HP: 10/16 MP: 2/8
  1970 | D:2      | Learned a level 3 spell: Confusing Touch
  2116 | D:2      | Reached XP level 4. HP: 16/21 MP: 1/9
  2120 | D:2      | HP: 1/21 [frozen (5)]
  2977 | D:2      | Found a faded altar of an unknown god.
  3132 | D:3      | Noticed a kobold demonologist
  3132 | D:3      | Found a transporter.
  3198 | D:2      | Learned a level 3 spell: Tukima's Dance
  3432 | D:3      | Reached XP level 5. HP: 24/24 MP: 7/10
  4083 | D:3      | Reached skill level 1 in Evocations
  4297 | D:3      | Found a transporter.
  4597 | D:4      | Noticed Grinder
  4612 | D:4      | Killed Grinder
  4613 | D:4      | Reached skill level 5 in Short Blades
  4613 | D:4      | Reached XP level 6. HP: 16/28 MP: 9/12
  5042 | D:4      | Reached skill level 5 in Hexes
  5438 | D:4      | Found Uckecs's Weapon Emporium.
  5505 | D:4      | Reached XP level 7. HP: 22/32 MP: 8/13
  5650 | D:4      | Found Wausimp's Armour Boutique.
  5686 | D:4      | Noticed Blork the orc
  5693 | D:4      | Killed Blork the orc
  5716 | D:4      | Found Morchas Tetu's Assorted Antiques.
  5815 | D:4      | Found Luygaami's Assorted Antiques.
  5915 | D:4      | Found a runed translucent door.
  5916 | D:4      | Noticed Crazy Yiuf
  6100 | D:4      | Killed Crazy Yiuf
  6232 | D:5      | Entered Level 5 of the Dungeon
  6375 | D:5      | Found Pemydun's Book Boutique.
  6552 | D:5      | Reached skill level 1 in Fighting
  6552 | D:5      | Reached XP level 8. HP: 37/37 MP: 7/15
  6906 | D:5      | Reached skill level 5 in Dodging
  7539 | D:6      | Learned a level 3 spell: Dazzling Flash
  8010 | D:6      | Reached XP level 9. HP: 45/45 MP: 13/16
  8465 | D:7      | Found Orep's Assorted Antiques.
  8588 | D:7      | Found Neih's General Store.
  9274 | D:7      | Found a staircase to the Ecumenical Temple.
  9283 | Temple   | Entered the Ecumenical Temple
  9354 | Temple   | Became a worshipper of Dithmenos the Shadowed
 10828 | D:7      | Reached * piety under Dithmenos
 11107 | D:7      | Reached skill level 10 in Stealth
 11863 | D:8      | Reached XP level 10. HP: 45/49 MP: 0/17
 12276 | D:8      | Reached skill level 10 in Dodging
 12282 | D:8      | Learned a level 2 spell: Passwall
 12512 | D:8      | Found a staircase to the Lair.
 12542 | D:8      | Noticed Psyche
 12546 | D:8      | Killed Psyche
 12792 | D:8      | Found Woek's Antique Weapon Boutique.
 13970 | D:9      | Noticed a two-headed ogre
 13977 | D:9      | Killed a two-headed ogre
 14013 | D:9      | Noticed Prince Ribbit
 14025 | D:9      | Killed Prince Ribbit
 14612 | D:9      | Reached ** piety under Dithmenos
 14976 | D:9      | Found an ornate altar of the Wu Jian Council.
 15037 | D:9      | Noticed rigrig's ghost (novice KoFi)
 15037 | D:9      | Identified the +10 giant club of Runeluo {freeze, Will+
                  | Dex+6}
 15037 | D:9      | Noticed a two-headed ogre
 15038 | D:9      | Found a transporter.
 15038 | D:9      | Noticed a two-headed ogre
 15168 | D:10     | Entered Level 10 of the Dungeon
 15301 | D:10     | Found a flagged portal.
 15310 | Bailey   | Entered a bailey
 15687 | Bailey   | Noticed an orc knight
 15714 | Bailey   | Noticed a sixfirhy
 15757 | Bailey   | Noticed an orange demon
 15763 | Bailey   | Slain by a red devil

Illustrated notes

Levels and vault maps discovered:
D:1:      minmay_arrival_solitary_statue, layout_loops_cross,
          serial_bayou_ford_a
D:2:      cheibrodos_fertilizer, layout_loops_cross,
          shapermc_ecumenical_altar_notcrosses
D:3:      gammafunk_wand_slinger, layout_rooms, nrook_mini_vaults
D:4:      layout_cave_pools, serial_shops, nicolae_square_shop,
          kennysheep_little_box, nicolae_shop_waterfront, nicolae_diamond_shop,
          kennysheep_nub, minmay_gold_behind_fungi, uniq_blork_the_orc,
          uniq_grinder, uniq_crazy_yiuf_cottage
D:5:      minmay_spotlight, layout_basic, serial_shops,
          nicolae_shop_behind_doors
D:6:      layout_rooms, minmay_misc_feat_plants, chequers_serial_rivers_large_b
D:7:      kennysheep_seaside_town, layout_cave_pools, minmay_temple_entry_trees,
          serial_gnoll_camp, gnoll_camp_mini_shop, gnoll_camp_mini_house,
          gnoll_camp_mini_basic, gnoll_camp_mini_shop, gnoll_camp_medium_01
D:8:      layout_basic, lair_entry_dummy, serial_shops,
          nicolae_shop_advertising_works [nicolae_subvault_shop_adworks],
          uniq_psyche
D:9:      layout_long_grid, mainiacjoe_overflow_catwalk, gammafunk_ghost_smash,
          uniq_prince_ribbit1
D:10:     layout_long_grid, minitemple, enter_bailey_8
Temple:   eino_temple_lava
Bailey:   bailey_axe_of_yendor_kennysheep, bailey

Skill      XL: |  1  2  3  4  5  6  7  8  9 10 |
---------------+-------------------------------+-----
Stealth        | 6 7 8 10 12 | 12.0
Short Blades   | 3 5 7 9 |  9.1
Evocations     | 1 |  1.0
Spellcasting   | 3 4 |  4.0
Hexes          | 4 5 8 9 |  9.3
Dodging        | 3 7 9 12 | 12.0
Fighting       | 1 4 |  4.0

Action                   |  1- 3 |  4- 6 |  7- 9 | 10-12 || total
-------------------------+-------+-------+-------+-------++-------
Melee: Dagger            |    66 |   135 |   438 |   311 ||   950
Throw: Stone             |       |       |     1 |       ||     1
       Dart              |       |       |       |     5 ||     5
 Cast: Ensorcelled Hiber |    20 |    54 |    64 |    46 ||   184
       Tukima's Dance    |       |     5 |    47 |    20 ||    72
       Confusing Touch   |       |     3 |    23 |    15 ||    41
Evoke: Wand              |       |       |       |     3 ||     3
  Use: Scroll            |       |     7 |     6 |     7 ||    20
       Potion            |       |       |       |     2 ||     2
 Stab: Sleeping          |    20 |    31 |    46 |    29 ||   126
       Confused          |       |     3 |    19 |    12 ||    34
       Distracted        |       |       |     1 |       ||     1
Armor: Robe              |    12 |    14 |     7 |       ||    33
       Acid dragon scale |       |       |    36 |    34 ||    70
Dodge: Dodged            |    34 |   118 |   343 |   320 ||   815

Table legend: (Time is in decaauts)
 A = Elapsed time spent in this place.
 B = Non-inter-level travel time spent in this place.
 C = Inter-level travel time spent in this place.
 D = Time resting spent in this place.
 E = Time spent auto-exploring this place.
 F = Levels seen in this place.
 G = Mean time per level.
                   A        B        C        D        E       F      G
               +--------+--------+--------+--------+--------+-----+--------+
         Total |  12610 |  12026 |    584 |    313 |   9245 |  12 | 1050.8 |
       Dungeon |  12208 |  11630 |    578 |    313 |   9043 |  10 | 1220.8 |
        Temple |     49 |     43 |      6 |      0 |     28 |   1 |   49.0 |
        Bailey |    352 |    352 |      0 |      0 |    174 |   1 |  352.0 |
               +--------+--------+--------+--------+--------+-----+--------+

Top non-repeatable levels by time:
     D:7: 2429 daAuts
     D:2: 1819 daAuts
     D:6: 1411 daAuts
     D:3: 1225 daAuts
     D:8: 1215 daAuts
     D:1: 1211 daAuts
     D:9: 1059 daAuts
     D:4: 962 daAuts
     D:5: 783 daAuts
  Bailey: 352 daAuts
    D:10: 90 daAuts
  Temple: 49 daAuts
